 Dungeon Crawl Stone Soup version 0.29.1-4-g47bece8355 (webtiles) character file.

Game seed: 11625646615661055879

156 Aldia the Magician (level 5, -1/38 HPs)
             Began as a Djinni Fire Elementalist on Dec 8, 2022.
             Slain by a wight
             ... wielding a +4 short sword of freezing
              (9 damage)
             ... on level 3 of the Dungeon.
             The game lasted 00:05:02 (3517 turns).

Aldia the Magician (Djinni Fire Elementalist)       Turns: 3517, Time: 00:05:03

Health: -1/38      AC:  2    Str:  7    XL:     5   Next: 64%
Gold:   66         EV: 14    Int: 19    God:
                   SH:  0    Dex: 19

rFire   + . .      SeeInvis .   j - +0 dagger
rCold   . . .      Faith    .   (no shield)
rNeg    . . .      Spirit   .   a - +0 robe
rPois   ∞          Reflect  .   (no helmet)
rElec   .          Harm     .   (no cloak)
rCorr   .          Rampage  .   (no gloves)
Will    .....                   (boots unavailable)
Stlth   ++........              (no amulet)
HPRegen 0.12/turn               i - ring of ice
MPRegen 0.00/turn               f - +6 ring of dexterity

@: flying
A: sickness immunity, fire resistance 2, cold vulnerability 1, float, innate
caster, HP casting, extra vitality 1
a: no special abilities


You were on level 3 of the Dungeon.
You visited 1 branch of the dungeon, and saw 3 of its levels.

You collected 66 gold pieces.

Inventory:

Hand Weapons
 d - a +0 spear
 j - a +0 dagger (weapon)
Armour
 a - a +0 robe (worn)
Magical Staves
 c - a staff of earth
Jewellery
 f - a +6 ring of dexterity (right hand)
 i - a ring of ice (left hand)
Wands
 k - a wand of light (10)
Scrolls
 b - a scroll of silence
 e - 2 scrolls of poison
 l - a scroll of noise {unknown}
 m - a scroll of enchant weapon {unknown}
Potions
 g - a potion of lignification
 h - a potion of resistance
 n - a potion of might {unknown}
 o - a potion of degeneration {unknown}
 p - a potion of curing {unknown}


   Skills:
 + Level 2.1 Fighting
 + Level 3.5 Dodging
 - Level 1.5 Stealth
 * Level 3.6 Spellcasting


You couldn't memorise any spells.
You knew the following spells:

 Your Spells              Type           Power      Damage    Failure   Level
a - Foxfire               Conj/Fire      68%        2x1d7     3%          1
b - Scorch                Fire           34%        2d7       4%          2
c - Conjure Flame         Conj/Fire      17%        6-21      10%         3
d - Inner Flame           Hex/Fire       17%        N/A       10%         3
e - Flame Wave            Conj/Fire      17%        2d7       32%         4
f - Slow                  Hex            68%        N/A       3%          1
g - Static Discharge      Conj/Air       17%        3-6/arc   4%          2
Your spell library was empty.

Dungeon Overview and Level Annotations

Branches:
Dungeon (3/15)

Altars:

Shops:
D:2 =


Innate Abilities, Weirdness & Mutations

You are immune to sickness and miasma.
You are immune to poison.
Your flesh is very heat resistant. (rF++)
You are vulnerable to cold. (rC-)
You float through the air rather than walking.
You learn spells naturally, not from books.
Your magical power is your life essence.
You have superior vitality. (+4 MHP)


Message History

Casting: Scorch (safe; 4% risk of failure)
Confirm with . or Enter, or press ? or * to list all spells.
Flames lash the orc.
You kill the orc!
Unknown command.
Unknown command.
An orc comes into view. It is wielding a +0 club.
Items here: $ )) [[ †.
The orc barely misses you.
Items here: $ )) [[ †.
You hit the orc.
The orc is heavily wounded.
An orc comes into view. It is wielding a +0 club.
The orc hits you with a +0 club.
You hit the orc.
You kill the orc!
You hit the orc but do no damage. The orc hits you with a +0 club.
The orc attacks as you move away! The orc completely misses you.
Casting: Scorch (safe; 4% risk of failure)
Confirm with . or Enter, or press ? or * to list all spells.
Flames lash the wight.
The wight is heavily damaged.
The wight's fire resistance burns away.
The orc misses you.
Casting: Scorch (safe; 4% risk of failure)
Confirm with . or Enter, or press ? or * to list all spells.
Flames lash the wight.
The wight is burned terribly!
The wight is almost destroyed.
* * * LOW HITPOINT WARNING * * *
The orc misses you.
Casting: Scorch (safe; 4% risk of failure)
Confirm with . or Enter, or press ? or * to list all spells.
Flames lash the orc.
You kill the orc!
* * * LOW HITPOINT WARNING * * *
Casting: Scorch (safe; 4% risk of failure)
Confirm with . or Enter, or press ? or * to list all spells.
Flames lash the wight but do no damage.
* * * LOW HITPOINT WARNING * * *
The wight hits you with a +4 short sword of freezing!
You die...

# ##.......##
#.##.........###
########
...'.........'..
.......)
..##.........###
########
##...z...##
##.....## ##...##
##'######
#..)z@..#
######..####.# #
#.......## #.# #
#........###.###.#
#
.................#
#........###.#####
#........# #.#
#####..####.#
#.......#


You could see a wight (combustible).

Vanquished Creatures
  A wight (D:3)
  2 adders (D:2)
  2 dart slugs
  9 orcs (D:3)
  4 ball pythons
  3 bats
  8 endoplasms
  5 giant cockroaches
  9 hobgoblins
  2 jackals (D:3)
  8 kobolds
  3 quokkas
  3 frilled lizards
  3 goblins
  5 rats
67 creatures vanquished.

Vanquished Creatures (others)
  33 foxfires
33 creatures vanquished.

Grand Total: 100 creatures vanquished

Notes
Turn   | Place    | Note
-------+----------+-------------------------------------------
     0 | D:1      | Aldia the Djinni Fire Elementalist began the quest for the
                  | Orb.
     0 | D:1      | Aldia set off with the following spells memorised: Foxfire,
                  | Scorch, Conjure Flame, Inner Flame, Flame Wave.
     0 | D:1      | Reached XP level 1. HP: 15/15 MP: 0/0
   241 | D:1      | Reached XP level 2. HP: 20/22 MP: 0/0
   518 | D:1      | Found a faded altar of an unknown god.
   769 | D:1      | Reached XP level 3. HP: 23/26 MP: 0/0
   769 | D:1      | Learned a level 1 spell: Slow
   829 | D:1      | Reached skill level 1 in Fighting
  1513 | D:2      | Found Meothosoi's Jewellery Emporium.
  1536 | D:2      | Reached XP level 4. HP: 10/32 MP: 0/0
  3150 | D:3      | Noticed a wight
  3152 | D:3      | Noticed a wight
  3331 | D:3      | Reached XP level 5. HP: 36/38 MP: 0/0
  3331 | D:3      | Learned a level 2 spell: Static Discharge
  3517 | D:3      | Slain by a wight

Illustrated notes

Levels and vault maps discovered:
D:1:      elethiomel_arrival_infinity_welcomes_careful_drivers,
          layout_loops_cross, hellmonk_ecumenical_altar_pennies_from_heaven
D:2:      layout_loops_cross, serial_shops, shop, chequers_arboretum
D:3:      layout_loops_corners, mainiacjoe_overflow_alcove_1, st_stairs_2,
          minmay_vboxes

Skill      XL: |  1  2  3  4  5 |
---------------+----------------+-----
Fighting       | 1 2 |  2.1
Spellcasting   | 3 |  3.6
Dodging        | 3 |  3.5
Stealth        | |  1.5

Action                   |  1- 3 |  4- 6 || total
-------------------------+-------+-------++-------
Melee: Unarmed           |     4 |       ||     4
       Staff             |     1 |       ||     1
       Spear             |    37 |    50 ||    87
       Punch             |     1 |       ||     1
       Dagger            |       |    21 ||    21
 Cast: Foxfire           |    15 |     6 ||    21
       Scorch            |    15 |    29 ||    44
       Conjure Flame     |       |     1 ||     1
       Flame Wave        |       |     1 ||     1
  Use: Scroll            |     2 |     2 ||     4
 Stab: Sleeping          |     1 |     7 ||     8
Armor: Robe              |     8 |    16 ||    24
Dodge: Dodged            |    26 |    66 ||    92
